 Dungeon Crawl Stone Soup version 0.29.1-13-g9f3cf754e1 (webtiles) character file.

Game seed: 10508325395105186948

98 Heoruswealwe the Grave Robber (level 4, -10/24 HPs)
             Began as a Deep Elf Necromancer on Feb 3, 2023.
             Mangled by an ogre
             ... wielding a +0 giant spiked club
              (34 damage)
             ... on level 4 of the Dungeon.
             The game lasted 00:45:18 (5902 turns).

Heoruswealwe the Grave Robber (DENe)                Turns: 5902, Time: 00:45:24

Health: -10/24     AC:  6    Str:  5    XL:     4   Next: 43%
Magic:  4/12       EV: 12    Int: 22    God:
Gold:   166        SH:  0    Dex: 15    Spells: 8/12 levels left

rFire   . . .      SeeInvis .   G - +4 short sword
rCold   . . .      Faith    .   (no shield)
rNeg    . . .      Spirit   .   E - +1 robe {Will+}
rPois   .          Reflect  .   (no helmet)
rElec   .          Harm     .   a - +0 cloak
rCorr   .          Rampage  .   (no gloves)
Will    +....                   j - +1 pair of boots
Stlth   ++........              (no amulet)
HPRegen 0.08/turn               (no ring)
MPRegen 0.13/turn               (no ring)

@: no status effects
A: no striking features
a: no special abilities


You were on level 4 of the Dungeon.
You visited 1 branch of the dungeon, and saw 6 of its levels.

You collected 166 gold pieces.

Inventory:

Hand Weapons
 c - a +0 short sword
 e - a +0 hand axe
 g - a +3 short sword
 h - a +0 sling
 n - a +0 dagger
 G - a +4 short sword (weapon)
 J - a +1 dagger of holy wrath
 R - a +0 halberd
Missiles
 f - 15 poisoned darts
Armour
 a - a +0 cloak (worn)
 d - a +0 ring mail
 i - a +0 chain mail
 j - a +1 pair of boots (worn)
 E - a +1 robe of willpower (worn)
 L - a +0 ring mail
Scrolls
 k - 3 scrolls of enchant armour {unknown}
 m - 6 scrolls of identify {unknown}
 p - 5 scrolls of magic mapping {unknown}
 w - a scroll of summoning {unknown}
 y - 2 scrolls of teleportation {unknown}
 B - 4 scrolls of silence {unknown}
 H - 3 scrolls of enchant weapon {unknown}
Potions
 b - a potion of magic
 l - a potion of attraction {unknown}
 r - a potion of lignification {unknown}
 C - 2 potions of curing {unknown}
 D - a potion of cancellation {unknown}
 F - a potion of brilliance {unknown}
 I - a potion of flight {unknown}
 T - a potion of resistance {unknown}
 V - a potion of might {unknown}


   Skills:
 + Level 2.4 Dodging
 + Level 2.8 Stealth
 + Level 4.8 Spellcasting
 + Level 6.0 Necromancy


You had 8 spell levels left.
You knew the following spells:

 Your Spells              Type           Power      Damage    Failure   Level
a - Necrotise             Necr           100%       1d9       1%          1
b - Vampiric Draining     Necr           32%        2d8       2%          3

Your spell library contained the following spells:

 Spells                   Type           Power      Damage    Failure   Level
 Animate Dead             Necr           32%        N/A       9%          4
 Agony                    Necr           32%        N/A       24%         5


Dungeon Overview and Level Annotations

Branches:
Dungeon (6/15)
 Temple: D:4-7

Altars:
Xom


Message History

Casting: Necrotise (safe; 1% risk of failure)
Confirm with . or Enter, or press ? or * to list all spells.
Aiming: Necrotise (safe; 1% risk of failure)
Press: ? - help, Shift-Dir - straight line, f/p - ogre
Aim: an ogre, wielding a +0 giant spiked club (moderately wounded, chance to affect: 83%)
The ogre writhes in agony!
Casting: Necrotise (safe; 1% risk of failure)
Confirm with . or Enter, or press ? or * to list all spells.
Aiming: Necrotise (safe; 1% risk of failure)
Press: ? - help, Shift-Dir - straight line, f/p - ogre
Aim: an ogre, wielding a +0 giant spiked club (severely wounded, chance to affect: 83%)
The ogre writhes in agony.
Casting: Necrotise (safe; 1% risk of failure)
Confirm with . or Enter, or press ? or * to list all spells.
Aiming: Necrotise (safe; 1% risk of failure)
Press: ? - help, Shift-Dir - straight line, f/p - ogre
Aim: an ogre, wielding a +0 giant spiked club (almost dead, chance to affect: 83%)
The ogre barely resists.
Casting: Necrotise (safe; 1% risk of failure)
Confirm with . or Enter, or press ? or * to list all spells.
Aiming: Necrotise (safe; 1% risk of failure)
Press: ? - help, Shift-Dir - straight line, f/p - ogre
Aim: an ogre, wielding a +0 giant spiked club (severely wounded, chance to affect: 83%)
The ogre barely resists.
You hear the rapid rusting of a very distant drain.
Casting: Necrotise (safe; 1% risk of failure)
Confirm with . or Enter, or press ? or * to list all spells.
Aiming: Necrotise (safe; 1% risk of failure)
Press: ? - help, Shift-Dir - straight line, f/p - ogre
Aim: an ogre, wielding a +0 giant spiked club (severely wounded, chance to affect: 83%)
The ogre writhes in agony.
The ogre barely misses you.
Casting: Necrotise (safe; 1% risk of failure)
Confirm with . or Enter, or press ? or * to list all spells.
Aiming: Necrotise (safe; 1% risk of failure)
Press: ? - help, Shift-Dir - straight line, f/p - ogre
Aim: an ogre, wielding a +0 giant spiked club (severely wounded, chance to affect: 83%)
The ogre writhes in agony.
The ogre hits you with a +0 giant spiked club!!
Ouch! That really hurt!
You die...

..#.#........#..
###.#.####..## . ....#.#
#...+ ......# ##..##
#########...#############
#......'..<.#...........
#.######....#...........
#.# #....#........... #.#
#....$..@O....... ##.#
#...##........... ...#
#...##.########## ####
######.. ###. ##


You could see an ogre.

Vanquished Creatures
  4 adders
  A worm (D:3)
  A dart slug (D:3)
  An orc (D:4)
  4 bats
  3 endoplasms
  4 giant cockroaches
  4 goblins
  7 hobgoblins
  3 quokkas
  4 ball pythons
  3 frilled lizards
  10 kobolds
  A rat (D:1)
  9 bushes (D:1)
59 creatures vanquished.

Vanquished Creatures (collateral kills)
  An endoplasm (D:3)
  A quokka (D:2)
  A bat (D:3)
3 creatures vanquished.

Vanquished Creatures (others)
  10 plants (D:1)
10 creatures vanquished.

Grand Total: 72 creatures vanquished

Notes
Turn   | Place    | Note
-------+----------+-------------------------------------------
     0 | D:1      | Heoruswealwe the Deep Elf Necromancer began the quest for
                  | the Orb.
     0 | D:1      | Reached XP level 1. HP: 10/10 MP: 6/6
   149 | D:1      | Reached skill level 5 in Necromancy
  3232 | D:1      | Reached XP level 2. HP: 15/15 MP: 6/8
  4440 | D:3      | Reached XP level 3. HP: 19/19 MP: 7/10
  4633 | D:2      | Found a shimmering altar of Xom.
  5056 | D:2      | Reached XP level 4. HP: 24/24 MP: 5/12
  5227 | D:3      | Learned a level 3 spell: Vampiric Draining
  5598 | D:5      | Entered Level 5 of the Dungeon
  5679 | D:3      | Found a faded altar of an unknown god.
  5747 | D:3      | Reached skill level 6 in Necromancy
  5891 | D:4      | Noticed an ogre
  5902 | D:4      | Mangled by an ogre

Illustrated notes

Levels and vault maps discovered:
D:1:      psy_arrival_conway, layout_loops_corners, kennysheep_boxes
D:2:      minmay_chambers_of_ones, layout_basic, basic_altar, minmay_between
D:3:      layout_rooms, serial_glass, glass_columns_c, glass_columns_c,
          due_unseen_surprise, chequers_ecumenical_altar_twisty, minmay_vboxes
D:4:      layout_basic, gup_sewer_entry_spiral, gammafunk_ghost_nasty_kobolds,
          serial_shops, nicolae_take_the_stairs, uniq_ijyb
D:5:      lemuel_insect_pit, layout_layer_cave, kennysheep_slug_shrine,
          minitemple
D:6:      layout_basic, elyvilon_altar_5, temple_doors_e, uniq_duvessa

Skill      XL: |  1  2  3  4 |
---------------+-------------+-----
Necromancy     | 5 6 |  6.0
Spellcasting   | 4 |  4.8
Dodging        | |  2.4
Stealth        | |  2.8

Action                   |  1- 3 |  4- 6 || total
-------------------------+-------+-------++-------
Melee: Short sword       |  1993 |       ||  1993
       Dagger            |   581 |       ||   581
       Punch             |    29 |       ||    29
 Cast: Necrotise         |    68 |    35 ||   103
Armor: Robe              |     3 |     1 ||     4
Dodge: Dodged            |     9 |     4 ||    13
